 Dungeon Crawl Stone Soup version 0.31-a0-161-gb58dd9be76 (webtiles) character file.

Game seed: 598318717117589966

321 qw the Shooter (level 6, -1/61 HPs)
             Began as a Naga Hunter on June 12, 2023.
             Slain by a hobgoblin
             ... wielding a +0 club
              (5 damage)
             ... on level 3 of the Dungeon.
             The game lasted 00:00:48 (2139 turns).

qw the Shooter (Naga Hunter)                        Turns: 2139, Time: 00:00:48

Health: -1/61      AC:  3    Str: 19    XL:     6   Next: 46%
Magic:  6/6        EV:  9    Int: 10    God:
Gold:   78         SH:  0    Dex: 16    Spells: 5/5 levels left

rFire   . . .        Y - +2 shortbow
rCold   . . .        (shield currently unavailable)
rNeg    . . .        c - +0 leather armour
rPois   +            (no helmet)
rElec   .            (no cloak)
rCorr   .            (no gloves)
SInv    +            (no barding)
Will    .....        (no amulet)
Stlth   ++           d - +6 ring of strength
HPRegen 0.30/turn    (no ring)
MPRegen 0.10/turn

%: no passive effects
@: short of breath, very slow
A: AC +2, large, see invisible, deformed body, poison resistance, slowness 2,
spit poison 1, naga tail 1
a: Spit Poison


You were on level 3 of the Dungeon.
You visited 1 branch of the dungeon, and saw 3 of its levels.

You collected 78 gold pieces.


Innate Abilities, Weirdness & Mutations

Your serpentine skin is tough. (AC +2)
You have supernaturally acute eyesight. (SInv)
Armour fits poorly on your strangely shaped body.
Your system is resistant to poisons. (rPois)
You cover ground very slowly.
You can spit poison.
You have a snake-like lower body.


   Skills:
 - Level 5.1 Fighting
 + Level 5.3 Ranged Weapons
 - Level 1.5 Dodging
 - Level 1.5 Stealth


You had 5 spell levels left.
You didn't know any spells.
Your spell library was empty.

Inventory:

Hand Weapons
 Y - a +2 shortbow (weapon)
Armour
 c - a +0 leather armour (worn)
Jewellery
 d - a +6 ring of strength (left hand)
 i - a ring of magical power
Scrolls
 b - a scroll of teleportation {unknown}
 e - a scroll of silence {unknown}
 h - 2 scrolls of identify
Potions
 a - a potion of lignification {unknown}
 f - a potion of heal wounds {unknown}
 g - a potion of haste {unknown}
 j - a potion of invisibility {unknown}

Dungeon Overview and Level Annotations

Branches:
Dungeon (3/15)

Altars:


Message History

Aiming: Spit Poison (1% risk of failure)
Press: ? - help, Shift-Dir - straight line, f/p - gnoll The splash of poison misses the gnoll.
The splash of poison hits the hobgoblin.
The hobgoblin is almost dead.
The goblin misses you. The gnoll hits you with a +0 club.
You shoot an arrow. The arrow closely misses the gnoll.
The arrow hits the hobgoblin.
You kill the hobgoblin!
The goblin hits you with a +0 club. The gnoll hits you with a +0 club.
You shoot an arrow. The arrow hits the gnoll.
The gnoll is severely wounded.
The gnoll hits you with a +0 club! The goblin closely misses you.
The gnoll barely misses you. The goblin hits you with a +0 club.
You shoot an arrow.
The arrow hits the gnoll but does no damage.
The gnoll is severely wounded.
The goblin hits you but does no damage. The gnoll hits you with a +0 club.
You shoot an arrow. The arrow barely misses the gnoll.
The arrow hits the goblin!
You kill the goblin!
The goblin hits you with a +0 club. The gnoll hits you with a +0 club.
You shoot an arrow. The arrow hits the gnoll.
The gnoll is almost dead.
You have got your breath back.
The goblin hits you with a +0 club. The gnoll closely misses you.
2137 ||| INVOKING Spit Poison.
Aiming: Spit Poison (1% risk of failure)
Press: ? - help, Shift-Dir - straight line, f/p - gnoll The splash of poison misses the gnoll.
The splash of poison misses the hobgoblin.
The goblin barely misses you. The gnoll closely misses you.
You shoot an arrow. The arrow hits the gnoll.
You kill the gnoll!
The goblin completely misses you.
You shoot an arrow. The arrow hits the goblin.
You kill the goblin!
The hobgoblin hits you but does no damage.
The hobgoblin hits you with a +0 club.
You die...

##### #### ########...#
...## ##......#...#
....###.......#.).
.....#.%......##g#
.....#..)......)@#
.....))))........#
.....#...........#
.....#........##'#
....###.......#...#~~~~~~~
...## ##......#...#~~~~~~~#
###############...#~~~~~~~#
~~~~~~~~~~~~~~#####~~~~~~~#
~~~~~~~~~~~~~~~~~~~~~~~~~~#


You could see a hobgoblin.

Vanquished Creatures
  Grinder (D:3)
  2 gnolls (D:3)
  An adder (D:2)
  A worm (D:2)
  2 orcs (D:3)
  3 ball pythons
  3 bats
  2 endoplasms
  4 giant cockroaches
  22 goblins
  19 hobgoblins
  5 kobolds
  4 quokkas
  3 frilled lizards (D:1)
  7 rats
79 creatures vanquished.

Notes
Turn   | Place    | Note
-------+----------+-------------------------------------------
     0 | D:1      | qw the Naga Hunter began the quest for the Orb.
     0 | D:1      | Reached XP level 1. HP: 19/19 MP: 1/1
     0 | D:1      | 0 ||| qw: Version: 0.2-a-29-gc1b59c4
     0 | D:1      | 0 ||| qw: Game counter: 4166
     0 | D:1      | 0 ||| qw: Always use a shield: true
     0 | D:1      | 0 ||| qw: God list: Okawaru
     0 | D:1      | 0 ||| qw: Allow faded altars: false
     0 | D:1      | 0 ||| qw: Do Orc after D:15 true
     0 | D:1      | 0 ||| qw: Do second Lair branch before Depths: true
     0 | D:1      | 0 ||| qw: Lair rune preference: random
     0 | D:1      | 0 ||| qw: Plans: Normal
     0 | D:1      | 0 ||| PLANNING D:1-11
   109 | D:1      | 109 ||| INVOKING Spit Poison.
   120 | D:1      | 120 ||| INVOKING Spit Poison.
   130 | D:1      | 130 ||| INVOKING Spit Poison.
   234 | D:1      | 234 ||| INVOKING Spit Poison.
   288 | D:1      | 288 ||| INVOKING Spit Poison.
   291 | D:1      | Reached XP level 2. HP: 26/26 MP: 2/2
   411 | D:1      | 411 ||| INVOKING Spit Poison.
   416 | D:1      | 416 ||| INVOKING Spit Poison.
   475 | D:1      | 475 ||| INVOKING Spit Poison.
   492 | D:1      | 492 ||| INVOKING Spit Poison.
   508 | D:1      | 508 ||| INVOKING Spit Poison.
   516 | D:1      | 516 ||| INVOKING Spit Poison.
   542 | D:1      | 542 ||| INVOKING Spit Poison.
   793 | D:1      | 793 ||| UPGRADING to +6 ring of strength.
   794 | D:1      | 794 ||| READING scroll labelled RUUHUC BAPO.
   795 | D:1      | 795 ||| READING scroll labelled KALLEA NOFF.
   796 | D:1      | 796 ||| READING 3 scrolls labelled NAUCSA OJEBIRPH.
   797 | D:1      | 797 ||| READING scroll labelled NYCIAPLUVOY.
   798 | D:1      | 798 ||| READING 2 scrolls of identify.
   798 | D:1      | 798 ||| IDENTIFYING bubbling emerald potion
   799 | D:1      | 799 ||| DROPPING scroll of butterflies.
   800 | D:1      | 800 ||| DROPPING potion of attraction.
   849 | D:2      | 849 ||| INVOKING Spit Poison.
   870 | D:2      | 870 ||| READING scroll of enchant weapon.
   870 | D:2      | 870 ||| ENCHANTING +1 shortbow.
   873 | D:2      | 873 ||| INVOKING Spit Poison.
   875 | D:2      | Reached XP level 3. HP: 32/32 MP: 3/3
   890 | D:2      | 890 ||| INVOKING Spit Poison.
   897 | D:2      | 897 ||| INVOKING Spit Poison.
   925 | D:2      | 925 ||| INVOKING Spit Poison.
   956 | D:2      | 956 ||| INVOKING Spit Poison.
   983 | D:2      | 983 ||| INVOKING Spit Poison.
  1017 | D:2      | 1017 ||| INVOKING Spit Poison.
  1055 | D:2      | 1055 ||| INVOKING Spit Poison.
  1162 | D:2      | 1162 ||| INVOKING Spit Poison.
  1193 | D:2      | 1193 ||| INVOKING Spit Poison.
  1222 | D:2      | 1222 ||| INVOKING Spit Poison.
  1237 | D:2      | 1237 ||| INVOKING Spit Poison.
  1274 | D:2      | 1274 ||| INVOKING Spit Poison.
  1347 | D:2      | 1347 ||| INVOKING Spit Poison.
  1408 | D:2      | 1408 ||| INVOKING Spit Poison.
  1496 | D:2      | 1496 ||| READING scroll labelled LIAKLU GYAK.
  1511 | D:3      | 1511 ||| INVOKING Spit Poison.
  1515 | D:3      | 1515 ||| INVOKING Spit Poison.
  1519 | D:3      | Reached XP level 4. HP: 39/39 MP: 4/4
  1632 | D:3      | 1632 ||| INVOKING Spit Poison.
  1651 | D:3      | 1651 ||| INVOKING Spit Poison.
  1683 | D:3      | 1683 ||| INVOKING Spit Poison.
  1689 | D:3      | 1689 ||| INVOKING Spit Poison.
  1708 | D:3      | Noticed Grinder
  1711 | D:3      | 1711 ||| INVOKING Spit Poison.
  1718 | D:3      | Killed Grinder
  1719 | D:3      | Reached XP level 5. HP: 45/52 MP: 5/5
  1719 | D:3      | Reached XP level 6. HP: 52/61 MP: 6/6
  2012 | D:3      | 2012 ||| INVOKING Spit Poison.
  2017 | D:3      | 2017 ||| INVOKING Spit Poison.
  2046 | D:3      | 2046 ||| INVOKING Spit Poison.
  2053 | D:3      | 2053 ||| INVOKING Spit Poison.
  2065 | D:3      | 2065 ||| INVOKING Spit Poison.
  2068 | D:3      | 2068 ||| INVOKING Spit Poison.
  2069 | D:3      | 2069 ||| Stepping ~*~*~tactically~*~*~ (outnumbered).
  2072 | D:3      | 2072 ||| INVOKING Spit Poison.
  2092 | D:3      | 2092 ||| INVOKING Spit Poison.
  2095 | D:3      | 2095 ||| INVOKING Spit Poison.
  2099 | D:3      | 2099 ||| INVOKING Spit Poison.
  2104 | D:3      | 2104 ||| INVOKING Spit Poison.
  2122 | D:3      | 2122 ||| INVOKING Spit Poison.
  2127 | D:3      | 2127 ||| INVOKING Spit Poison.
  2130 | D:3      | 2130 ||| INVOKING Spit Poison.
  2131 | D:3      | 2131 ||| INVOKING Spit Poison.
  2133 | D:3      | HP: 15/61 [goblin/+0 club (3)]
  2135 | D:3      | HP: 5/61 [gnoll/+0 club (6)]
  2137 | D:3      | 2137 ||| INVOKING Spit Poison.
  2139 | D:3      | Slain by a hobgoblin

Levels and vault maps discovered:
D:1:      amcnicky_arrival_single_pillar, layout_loops_corners, nicolae_titane
D:2:      layout_loops_ring, nrook_mini_vaults, minmay_misc_feat_columns
D:3:      minmay_goblin_kobold_castle, layout_rooms,
          nicolae_figureground_sparkle, uniq_grinder, uniq_natasha

Skill      XL: |  1  2  3  4 |
---------------+-------------+-----
Ranged Weapons | 4 5 |  5.3
Fighting       | 5 |  5.1
Dodging        | |  1.5
Stealth        | |  1.5

Action                     |  1- 3 |  4- 6 || total
---------------------------+-------+-------++-------
   Fire: Shortbow          |    61 |    69 ||   130
Ability: Spit Poison       |    30 |    20 ||    50
    Use: Scroll            |     7 |       ||     7
 Armour: Leather armour    |     4 |     9 ||    13
  Dodge: Dodged            |    10 |    33 ||    43

Table legend:
 A = Non-vault XP
 B = Vault XP
 C = Vault XP percentage of total XP
 D = Non-vault monster count
 E = Vault monster count
 F = Vault count percentage of total count
                 A         B        C        D         E       F
            +---------+---------+-------+---------+---------+-------
      Total |      97 |     364 |  79.0 |      47 |      32 |  40.5
            +---------+---------+-------+---------+---------+-------
        D:1 |      30 |       0 |   0.0 |      19 |       0 |   0.0
        D:2 |      47 |       0 |   0.0 |      18 |       0 |   0.0
        D:3 |      20 |     364 |  94.8 |      10 |      32 |  76.2
            +---------+---------+-------+---------+---------+-------
